 Dungeon Crawl Stone Soup version 0.21-a0-201-g8501b10 (console) character file.

26 Duffy the Magician (level 2, 14/14 HPs)
             Began as a Spriggan Transmuter on Aug 17, 2017.
             Quit the game on level 1 of the Dungeon.
             The game lasted 00:01:57 (1336 turns).

Duffy the Magician (Spriggan Transmuter)            Turns: 1336, Time: 00:01:57

Health: 14/14      AC:  2    Str:  6    XL:     2   Next: 89%
Magic:  7/7        EV: 18    Int: 14    God:
Gold:   52         SH:  0    Dex: 16    Spells: 5/8 levels left

rFire    . . .     SeeInvis +     - Unarmed
rCold    . . .     Gourm    .   (shield restricted)
rNeg     + . .     Faith    .   b - +0 robe
rPois    .         Spirit   .   (helmet restricted)
rElec    .         Reflect  .   (no cloak)
rCorr    .         Harm     .   (gloves unavailable)
MR       .....                  (boots unavailable)
Stlth    +.........             k - amulet of inaccuracy (curse)
HPRegen  0.04/turn              e - ring of positive energy
MPRegen  0.10/turn              (no ring)

@: very quick
A: unfitting armour, see invisible, herbivore 3, speed 3, slow metabolism 2
a: no special abilities


You were on level 1 of the Dungeon.
You were not hungry.

You visited 1 branch of the dungeon, and saw 2 of its levels.

You collected 52 gold pieces.

Inventory:

Missiles
 a - 26 arrows
Armour
 b - a +0 robe (worn)
Jewellery
 e - a ring of positive energy (left hand)
 k - a cursed amulet of inaccuracy (around neck)
Scrolls
 g - 3 scrolls of teleportation
Potions
 f - a potion of haste {unknown}
 i - a potion of flight {unknown}
 j - a potion of brilliance
Books
 c - a book of Changes

   Spells                             Type                      Level
   a - Beastly Appendage              Transmutation                1
   b - Sticks to Snakes               Transmutation                2
   c - Spider Form                    Transmutation/Poison         3
   d - Ice Form                       Ice/Transmutation            4
   e - Blade Hands                    Transmutation                5
Comestibles
 d - a bread ration


   Skills:
 - Level 0.7 Fighting
 - Level 3.0 Dodging
 + Level 2.6 Unarmed Combat
 + Level 3.6 Spellcasting
 + Level 3.2 Transmutations


You had 5 spell levels left.
You knew the following spells:

 Your Spells              Type           Power        Failure   Level  Hunger
a - Beastly Appendage     Tmut           ##....       5%          1    None
b - Sticks to Snakes      Tmut           ##......     8%          2    ##.....


Dungeon Overview and Level Annotations

Branches:
Dungeon (2/15)

Altars:


Innate Abilities, Weirdness & Mutations

You are very small and have problems with some larger weapons.
You are too small for most types of armour.
You have supernaturally acute eyesight. (SInv)
You are a herbivore.
You cover ground extremely quickly.
You need consume almost no food.


Message History

No target in view!
No target in view!
No target in view!
No target in view!
No target in view!
No target in view!
No target in view!
As you read the scroll labeled COMUBY RIMUINO, it crumbles to dust.
You feel strangely unstable.
It was a scroll of teleportation.
Unknown command.
As you read the scroll labeled YNGUVA TETSOTS, it crumbles to dust.
It is a scroll of identify.
j - a potion of brilliance You see here a bat corpse.
Your surroundings suddenly seem different.
A hobgoblin comes into view.
A dart slug comes into view.
There are monsters nearby!
The hobgoblin shouts!
Are you sure you want to abandon this character and quit the game? (Confirm with "yes".)

.# .# ##### ###### ## #...#
#..... # #...# ########..... #
#...# #............ ######
######...# #.#..w....... .....#
#........# #............ .....#
#....g...###.......#####
.....#####......@...#.......###..
.................................
.....#####..........#....########
###.## #..........#....# #.. #.#
#..........#....# #.#
###.###########.#####....# #.#
.........# #.# ###### #..
#........# #.# #### #........####
#.# #...


You could see a hobgoblin.

Vanquished Creatures
  A dart slug (D:1)
  A leopard gecko (D:1)
  A ball python (D:1)
  6 bats (D:1)
  A giant cockroach (D:1)
  4 hobgoblins (D:1)
  4 frilled lizards
  2 kobolds (D:1)
  2 rats (D:1)
22 creatures vanquished.

Notes
Turn   | Place    | Note
-------+----------+-------------------------------------------
     0 | D:1      | Duffy the Spriggan Transmuter began the quest for the Orb.
     0 | D:1      | Reached XP level 1. HP: 9/9 MP: 5/5
   204 | D:1      | Reached XP level 2. HP: 14/14 MP: 7/7
   221 | D:1      | Learned a level 2 spell: Sticks to Snakes
  1336 | D:1      | Quit the game

Vault maps used:
D:1:      lemuel_arrival_lava_pool
D:2:      nicolae_overflow_hidden_temple, first_bread

Skill      XL: |  1 |
---------------+----+-----
Transmutations | 3 |  3.2
Spellcasting   | 3 |  3.6
Fighting       | |  0.7
Dodging        | |  3.0
Unarmed Combat | |  2.6

Action                   || total
-------------------------++-------
Melee: Unarmed           ||   104
       Punch             ||     1
  Use: Scroll            ||     2
 Stab: Sleeping          ||     4
Armor: Robe              ||    15
Dodge: Dodged            ||    95
